 Dungeon Crawl Stone Soup version 0.30-a0-782-ge64f9170bb (webtiles) character file.

Game seed: 11087899381697833526

471 Leeroy the Shield-Bearer (level 7, -5/43 HPs)
             Began as an Octopode Transmuter on Mar 4, 2023.
             Slain by a water moccasin (8 damage)
             ... on level 5 of the Dungeon.
             The game lasted 00:05:12 (3587 turns).

Leeroy the Shield-Bearer (Octopode Transmuter)      Turns: 3587, Time: 00:05:13

Health: -5/43      AC:  1    Str:  9    XL:     7   Next: 9%
Magic:  10/10      EV:  6    Int: 17    God:
Gold:   126        SH: 27    Dex: 13    Spells: 5/10 levels left

rFire   . . .      SeeInvis .      - Unarmed
rCold   . . .      Faith    .    k - +18 shield of the Gong {Loud rN+ Will+ rCorr EV-5}
rNeg    + . .      Spirit   .    (helmet restricted)
rPois   .          Reflect  .    (no amulet)
rElec   .          Harm     .    (no ring)
rCorr   +          Rampage  .    (no ring)
Will    +....                    (no ring)
Stlth   ++                       (no ring)
HPRegen 0.27/turn                (no ring)
MPRegen 0.12/turn                (no ring)
                                 (no ring)
                                 (no ring)

@: no status effects
A: almost no armour, amphibious, 8 rings, camouflage 1, gelatinous body 1,
(nimble swimmer 1), tentacles
a: no special abilities


You were on level 5 of the Dungeon.
You visited 1 branch of the dungeon, and saw 5 of its levels.

You collected 347 gold pieces.
You spent 221 gold pieces at shops.

Inventory:

Hand Weapons
 r - a +3 falchion
Missiles
 a - 2 javelins
 g - 6 curare-tipped darts
 j - 8 poisoned darts
Armour
 k - the +18 shield of the Gong (worn) {Loud rN+ Will+ rCorr EV-5}
   (You found it on level 2 of the Dungeon)

   Loud:      It is deafeningly noisy when blocking attacks.
   EV:        It affects your evasion (-5).
   rN:        It protects you from negative energy.
   rCorr:     It protects you from acid and corrosion.
   Will:      It increases your willpower.
Magical Staves
 i - a staff of conjuration
Jewellery
 t - a ring of flight
Wands
 q - a wand of paralysis (9)
 u - a wand of flame (2)
Scrolls
 b - a scroll of blinking {unknown}
 c - 4 scrolls of teleportation {unknown}
 d - a scroll of amnesia {unknown}
 e - 2 scrolls of immolation {unknown}
 f - a scroll of vulnerability {unknown}
 h - a scroll of acquirement {unknown}
 m - a scroll of noise {unknown}
 n - a scroll of magic mapping {unknown}
 o - a scroll of enchant weapon {unknown}
Potions
 l - a potion of degeneration {unknown}
 p - 2 potions of curing
 s - a potion of flight {unknown}
 v - a potion of resistance


   Skills:
 - Level 1.0 Fighting
 - Level 2.0 Dodging
 + Level 6.1 Shields
 - Level 3.0 Unarmed Combat
 - Level 2.0 Spellcasting
 - Level 3.9 Transmutations


You had 5 spell levels left.
You knew the following spells:

 Your Spells              Type           Power      Damage    Failure   Level
a - Beastly Appendage     Tmut           30%        N/A       11%         1
b - Foxfire               Conj/Fire      4%         2x1d4     45%         1
c - Spider Form           Tmut/Pois      8%         N/A       56%         3

Your spell library contained the following spells:

 Spells                   Type           Power      Damage    Failure   Level
 Wereblood                Tmut           15%        N/A       16%         2
 Sting                    Tmut/Pois      32%        1d4       24%         1
 Apportation              Tloc           2%         N/A       45%         1
 Kiss of Death            Conj/Necr      4%         2d5       45%         1
 Necrotise                Necr           4%         1d4       45%         1
 Summon Small Mammal      Summ           4%         N/A       45%         1
 Poisonous Vapours        Pois/Air       2%         N/A       61%         2
 Confusing Touch          Hex            1%         N/A       83%         3
 Ice Form                 Ice/Tmut       8%         N/A       93%         4
 Animate Dead             Necr           1%         N/A       99%         4
 Dispel Undead            Necr           1%         3d6       99%         4
 Olgreb's Toxic Radiance  Pois           1%         N/A       99%         4
 Fireball                 Conj/Fire      0%         3d3       100%        5
 Starburst                Conj/Fire      0%         6d3       100%        6
 Haunt                    Necr/Summ      0%         N/A       100%        7
 Infestation              Necr           0%         N/A       100%        8


Dungeon Overview and Level Annotations

Branches:
Dungeon (5/15)
 Temple: D:4-7

Altars:
Fedhas
Gozag
Vehumet
The Shining One

Shops:
D:4 !

Annotations:
D:3 3 runed translucent doors, Flugkiller's ghost, weakling DECK; Xtruder99's ghost, amateur GnFi


Innate Abilities, Weirdness & Mutations

You cannot wear most types of armour.
You are amphibious.
You can wear up to eight rings at the same time.
Your skin changes colour to match your surroundings (Stealth+).
Your rubbery body absorbs attacks. (AC +1, EV +1)
((You are camouflaged when in or above water. (Stealth+)))
You have tentacles for arms and can constrict up to eight enemies at once.


Message History

The water moccasin bites you.
* * * LOW HITPOINT WARNING * * *
The orc attacks as you move away! You block the orc's attack.
PTOANNNG!
The water moccasin attacks as you move away!
You block the water moccasin's attack.
PANG!
You hear an angry hiss.
You block the orc's attack.
BOUMMMMG!
The water moccasin bites you but does no damage.
You hear a shout!
You tentacle-slap the water moccasin. Your grab misses the water moccasin.
The water moccasin is severely wounded.
You block the orc's attack.
PANG!
You block the orc's attack.
PANG!
You block the water moccasin's attack.
GONNNNG!
You miss the water moccasin. Your grab misses the water moccasin.
You block the water moccasin's attack.
GONNNNG!
You block the water moccasin's attack.
BONNNG!
An orc comes into view. It is wielding a +0 flail.
The orc hits you with a +0 club.
* * * LOW HITPOINT WARNING * * *
You block the orc's attack.
BOUMMMMG!
You hear an angry hiss.
You closely miss the water moccasin. Your grab misses the water moccasin.
You block the water moccasin's attack.
GONNNNG!
You block the water moccasin's attack.
BOUMMMMG!
The orc hits you with a +0 club.
* * * LOW HITPOINT WARNING * * *
You block the orc's attack.
SHROANNG!
The water moccasin bites you!
You die...

#############
##....>#S@...#######
##......oooS......<.#
#......roso.........#
#.....).............#
#...................#
#....>....[.........#
.!.....o...†........#
....................#
#.......#...........#


You could see 2 water moccasins, a scorpion, 6 orcs and a quokka.

Vanquished Creatures
  2 scorpions
  2 orc priests
  A jelly (D:4)
  Jessica (D:3)
  3 orc wizards
  Terence (D:3)
  5 adders
  A worm (D:2)
  A dart slug (D:3)
  11 orcs
  4 bats
  8 endoplasms
  4 giant cockroaches (D:3)
  4 goblins
  4 hobgoblins
  7 jackals
  5 kobolds
  4 quokkas
  7 ball pythons
  A frilled lizard (D:1)
  5 rats
81 creatures vanquished.

Vanquished Creatures (others)
  6 fungi (D:4)
  5 toadstools (D:4)
  6 withered plants (D:3)
17 creatures vanquished.

Grand Total: 98 creatures vanquished

Notes
Turn   | Place    | Note
-------+----------+-------------------------------------------
     0 | D:1      | Leeroy the Octopode Transmuter began the quest for the Orb.
     0 | D:1      | Reached XP level 1. HP: 13/13 MP: 3/3
    69 | D:1      | Reached XP level 2. HP: 4/18 MP: 5/5
   684 | D:2      | Reached XP level 3. HP: 22/23 MP: 6/6
   903 | D:2      | Found the +18 shield of the Gong {Loud rN+ Will+ rCorr
                  | EV-5}
   933 | D:2      | Found a faded altar of an unknown god.
  1165 | D:2      | Learned a level 1 spell: Foxfire
  1169 | D:2      | Learned a level 3 spell: Spider Form
  1340 | D:3      | Reached skill level 1 in Shields
  1340 | D:3      | Reached XP level 4. HP: 22/28 MP: 7/7
  1375 | D:3      | Found a runed translucent gate.
  1375 | D:3      | Found a runed translucent gate.
  1375 | D:3      | Found a runed translucent gate.
  1378 | D:3      | Noticed Xtruder99's ghost (amateur GnFi)
  1378 | D:3      | Noticed Flugkiller's ghost (weakling DECK)
  1396 | D:3      | Found a blossoming altar of Fedhas.
  1419 | D:3      | Reached skill level 2 in Shields
  1424 | D:3      | Noticed Terence
  1437 | D:3      | Killed Terence
  1438 | D:3      | Reached XP level 5. HP: 21/33 MP: 8/8
  1547 | D:3      | Reached skill level 3 in Shields
  1559 | D:3      | Noticed Jessica
  1569 | D:3      | Killed Jessica
  2342 | D:4      | HP: 1/33 [orc priest/+0 flail (12)]
  2344 | D:4      | Reached skill level 4 in Shields
  2347 | D:4      | Reached XP level 6. HP: 3/38 MP: 9/9
  2709 | D:4      | Found Cyxor's Distillery.
  2741 | D:4      | Bought a potion of heal wounds for 65 gold pieces
  2741 | D:4      | Bought a potion of curing for 39 gold pieces
  2741 | D:4      | Bought a potion of curing for 39 gold pieces
  2741 | D:4      | Bought 2 potions of curing for 78 gold pieces
  2806 | D:4      | Reached skill level 5 in Shields
  2912 | D:4      | Found a glowing golden altar of the Shining One.
  3048 | D:4      | Found an opulent altar of Gozag.
  3496 | D:4      | Found a radiant altar of Vehumet.
  3551 | D:5      | Entered Level 5 of the Dungeon
  3561 | D:5      | Reached XP level 7. HP: 33/43 MP: 10/10
  3562 | D:5      | Reached skill level 6 in Shields
  3580 | D:5      | HP: 2/43 [water moccasin (3)]
  3587 | D:5      | Slain by a water moccasin

Illustrated notes

Levels and vault maps discovered:
D:1:      minmay_arrival_solitary_statue, layout_rooms
D:2:      layout_basic, chequers_ecumenical_altar_simple
D:3:      layout_basic, fedhas_altar_1, gammafunk_ghost_cemetery, uniq_terence,
          uniq_jessica
D:4:      layout_cave_pods, grunt_gozag_breadcrumbs,
          mainiacjoe_overflow_brackets, vehumet_altar_wand_db, serial_shops,
          nicolae_shop_waterfront, minmay_gold_behind_fungi,
          hangedman_decor_points
D:5:      layout_rooms, enter_ossuary_1, hellmonk_ghost_happy_afterlife

Skill      XL: |  1  2  3  4  5  6  7 |
---------------+----------------------+-----
Transmutations | 3 |  3.9
Shields        | 1 2 4 5 6 |  6.1
Fighting       | |  1.0
Dodging        | |  2.0
Unarmed Combat | |  3.0
Spellcasting   | |  2.0

Action                     |  1- 3 |  4- 6 |  7- 9 || total
---------------------------+-------+-------+-------++-------
  Melee: Unarmed           |    84 |   164 |    12 ||   260
         Constrict         |    20 |    41 |     4 ||    65
         Tentacles         |     8 |    37 |     2 ||    47
         Punch             |     2 |     4 |     1 ||     7
         Kick              |       |     5 |       ||     5
   Cast: Beastly Appendage |     1 |     6 |       ||     7
    Use: Potion            |     3 |     1 |     2 ||     6
   Stab: Sleeping          |     7 |       |       ||     7
 Armour: Skin              |    22 |     6 |     4 ||    32
  Dodge: Dodged            |    19 |    13 |     3 ||    35
  Block: Kite shield       |    30 |   172 |    43 ||   245

Table legend: (Time is in decaauts)
 A = Elapsed time spent in this place.
 B = Non-inter-level travel time spent in this place.
 C = Inter-level travel time spent in this place.
 D = Time resting spent in this place.
 E = Time spent auto-exploring this place.
 F = Levels seen in this place.
 G = Mean time per level.
                   A        B        C        D        E       F      G
               +--------+--------+--------+--------+--------+-----+--------+
         Total |   3607 |   3372 |    235 |    249 |   2416 |   5 |  721.4 |
       Dungeon |   3607 |   3372 |    235 |    249 |   2416 |   5 |  721.4 |
               +--------+--------+--------+--------+--------+-----+--------+

Top non-repeatable levels by time:
     D:3: 1385 daAuts
     D:4: 923 daAuts
     D:2: 703 daAuts
     D:1: 558 daAuts
     D:5: 37 daAuts
